 Dungeon Crawl Stone Soup version 0.30-a0-728-gc68057be0a (webtiles) character file.

Game seed: 13112881455480835220

115987 warriortoast the Warrior (level 16, -7/195 HPs)
             Began as a Barachi Fighter on Jan 30, 2023.
             Was the Champion of Hepliaklqana.
             Killed from afar by a salamander mystic (27 damage)
             ... with a bolt of magma
             ... on level 2 of the Snake Pit on Jan 31, 2023.
             The game lasted 01:34:36 (27864 turns).

warriortoast the Warrior (Barachi Fighter)         Turns: 27864, Time: 01:34:37

Health: -7/195     AC: 32    Str: 23    XL:     16   Next: 70%
Magic:  23/23      EV:  2    Int: 10    God:    Hepliaklqana [******]
Gold:   2895       SH: 13    Dex: 13    Spells: 25/25 levels left

rFire   + . .      SeeInvis .    p - +1 war axe (heavy)
rCold   + . .      Faith    .    k - +0 kite shield
rNeg    . . .      Spirit   .    (body armour currently unavailable)
rPois   +          Reflect  .    (helmet currently unavailable)
rElec   +          Harm     .    (cloak currently unavailable)
rCorr   +          Rampage  .    (gloves currently unavailable)
Will    ++...      NoTele   +    (boots currently unavailable)
Stlth   +                        (no amulet)
HPRegen 0.52/turn                e - ring of willpower
MPRegen 0.18/turn                y - +4 ring of protection

@: tree-form, resistant, unable to hop, studying Summonings
A: stationary, stasis, torment immunity, boosted hp, reduced essence,
(amphibious), (slowness 1), (strong legs 2), +LOS
a: Renounce Religion, Recall Ancestor, Ancestor Identity, Transference, Idealise


You were on level 2 of the Snake Pit.
You worshipped Hepliaklqana.
Hepliaklqana was exalted by your worship.
You were a tree.
You visited 4 branches of the dungeon, and saw 25 of its levels.
You also visited: Gauntlet and Volcano.

You collected 3914 gold pieces.
You spent 1019 gold pieces at shops.

Inventory:

Hand Weapons
 m - a +4 flail of protection
 p - a +1 heavy war axe (weapon)
Missiles
 t - 31 javelins
 N - 14 boomerangs (quivered)
Armour
 b - a +2 cloak (melded)
 c - a +0 buckler
 k - a +0 kite shield (worn)
 u - a +2 helmet (melded)
 G - the +2 pair of gloves "Ekluuclel" (melded) {rPois Regen+ Int+2}
   (You found it on level 6 of the Dungeon)

   Int:       It affects your intelligence (+2).
   rPois:     It protects you from poison.
   Regen:     It increases your rate of health regeneration.
 I - the +1 plate armour "Qatuze" (melded) {Will- Regen+ Int+2 Slay+6}
   (You took it off a minotaur in a Gauntlet)

   Int:       It affects your intelligence (+2).
   Slay:      It affects your accuracy & damage with ranged weapons and melee
   (+6).
   Regen:     It increases your rate of health regeneration.
   Will:      It decreases your willpower.
 K - a +0 pair of boots of rampaging (melded)
Jewellery
 e - a ring of willpower (left branch)
 g - a ring of see invisible
 y - a +4 ring of protection (right branch)
 Q - a ring of protection from cold
 U - a ring of protection from fire
Wands
 s - a wand of quicksilver (15)
 F - a wand of mindburst (16)
 O - a wand of flame (14)
 Z - a wand of iceblast (2)
Scrolls
 a - 4 scrolls of enchant weapon
 d - 3 scrolls of amnesia
 l - 7 scrolls of teleportation
 r - 3 scrolls of fog
 v - 6 scrolls of blinking
 D - 2 scrolls of silence
 S - 2 scrolls of fear
 T - 5 scrolls of butterflies
 W - a scroll of magic mapping
Potions
 f - a potion of invisibility
 h - a potion of brilliance
 i - 5 potions of haste
 j - 5 potions of lignification
 n - 5 potions of ambrosia
 q - 13 potions of curing
 z - 6 potions of might
 C - 4 potions of cancellation
 E - 4 potions of heal wounds
 R - a potion of resistance
 Y - 3 potions of flight


   Skills:
 + Level 18.6 Fighting
 + Level 9.5(12.8) Axes
 - Level 13.5(14.7) Maces & Flails
 - Level 5.0 Throwing
 - Level 15.0 Armour
 + Level 14.4 Shields
 - Level 5.0 Spellcasting
 + Level 10.2 Summonings
 - Level 5.0 Invocations


You had 25 spell levels left.
You didn't know any spells.
Your spell library contained the following spells:

 Spells                   Type           Power      Damage    Failure   Level
 Call Imp                 Summ           23%        N/A       1%          2
 Apportation              Tloc           4%         N/A       38%         1
 Beastly Appendage        Tmut           4%         N/A       38%         1
 Kiss of Death            Conj/Necr      8%         2d6       38%         1
 Magic Dart               Conj           8%         1d3       38%         1
 Sting                    Tmut/Pois      8%         1d3       38%         1
 Summon Lightning Spire   Summ/Air       12%        N/A       45%         4
 Blink                    Tloc           4%         N/A       52%         2
 Lesser Beckoning         Tloc           4%         N/A       52%         2
 Momentum Strike          Conj/Tloc      4%         3d8       52%         2
 Poisonous Vapours        Pois/Air       4%         N/A       52%         2
 Sublimation of Blood     Necr           2%         N/A       52%         2
 Wereblood                Tmut           2%         N/A       52%         2
 Confusing Touch          Hex            2%         N/A       77%         3
 Gell's Gravitas          Tloc           2%         N/A       77%         3
 Ignite Poison            Fire/Tmut/Pois 2%         N/A       77%         3
 Kindle Blastsparks       Fire/Tloc/Air  4%         2d10      77%         3
 Mephitic Cloud           Conj/Pois/Air  2%         N/A       77%         3
 Spider Form              Tmut/Pois      2%         N/A       77%         3
 Teleport Other           Tloc           2%         N/A       77%         3
 Tukima's Dance           Hex            2%         N/A       77%         3
 Vhi's Electric Charge    Tloc/Air       4%         N/A       77%         3
 Animate Dead             Necr           2%         N/A       99%         4
 Dispel Undead            Necr           2%         3d7       99%         4
 Olgreb's Toxic Radiance  Pois           2%         N/A       99%         4
 Passage of Golubria      Tloc           2%         N/A       99%         4
 Petrify                  Tmut/Erth      2%         N/A       99%         4
 Sticky Flame             Conj/Fire      2%         2d3       99%         4
 Alistair's Intoxication  Tmut/Pois      1%         N/A       100%        5
 Arcjolt                  Conj/Air       1%         1d11      100%        5
 Borgnjor's Vile Clutch   Necr/Erth      1%         N/A       100%        5
 Fireball                 Conj/Fire      1%         3d3       100%        5
 Freezing Cloud           Conj/Ice/Air   1%         6-21      100%        5
 Irradiate                Conj/Tmut      1%         3d12      100%        5
 Iskenderun's Battlesphe  Conj           2%         2d6       100%        5
 Metabolic Englaciation   Hex/Ice        1%         N/A       100%        5
 Yara's Violent Unravell  Hex/Tmut       1%         3d3       100%        5
 Conjure Ball Lightning   Conj/Air       1%         3x3d6     100%        6
 Death Channel            Necr           1%         N/A       100%        6
 Dispersal                Tloc           1%         N/A       100%        6
 Statue Form              Tmut/Erth      1%         N/A       100%        6
 Haunt                    Necr/Summ      6%         N/A       100%        7
 Orb of Destruction       Conj           1%         9d5       100%        7
 Storm Form               Tmut/Air       1%         N/A       100%        7
 Ignition                 Fire           1%         3d3       100%        8
 Infestation              Necr           1%         N/A       100%        8
 Maxwell's Capacitive Co  Air            1%         ∞         100%        8


Dungeon Overview and Level Annotations

Branches:
Dungeon (15/15)            Temple (0/1) D:6            Lair (5/5) D:8
 Shoals (0/4) Lair:3        Snake (3/4) Lair:3        Slime (0/5) Lair:4
    Orc (2/2) D:9             Elf (0/3) Orc:2        Vaults (0/5) D:14
 Depths (0/4) D:15        Volcano (visited)         Gauntlet (visited)

Altars:
Cheibriados
Elyvilon
Fedhas
Gozag
Hepliaklqana
Kikubaaqudgha
Okawaru
Qazlal
Sif Muna
Trog
Uskayaw
Vehumet
Yredelemnul
The Shining One
Jiyva

Shops:
D:3 (   D:4 *   D:10 [   Orc:2 *(([   Snake:2 *(

Annotations:
Snake:2 3 runed translucent doors, exclusion: obsidian statue, browni3141's ghost, adept TrBe


Innate Abilities, Weirdness & Mutations

You are a tree.
Your roots penetrate the ground, keeping you stationary.
You cannot be teleported.
You are immune to unholy pain and torment.
Your maximum health is greatly increased.
Your equipment is partially melded.
Your life essence is reduced to manifest your ancestor. (-10% HP)
((You are amphibious.))
((You cover ground slowly.))
((You can hop long distances.))
You have an extended range of vision and can be seen from far away.


Message History

* * * LOW HITPOINT WARNING * * *
You climb upwards.
Level annotation: 3 runed translucent doors, exclusion: obsidian statue, browni3141's ghost, adept TrBe You feel sick.
There is a stone staircase leading down here.
You feel much better.
You feel sick.
The salamander mystic hits you but does no damage.
You slash the salamander mystic!
The salamander mystic is heavily wounded.
You feel sick.
The salamander mystic hits you with a +0 quarterstaff!
* * * LOW HITPOINT WARNING * * *
You are engulfed in flames!
* * * LOW HITPOINT WARNING * * *
You feel much better.
You feel sick.
The salamander mystic hits you but does no damage.
Hop to where?
Press: ? - help, Dir - move target Boing!
You feel sick.
You are no longer poisoned.
Really quaff the potion of lignification?
You turn into a tree.
Your +2 cloak melds into your body.
Your +2 helmet melds into your body.
The +2 pair of gloves "Ekluuclel" {rPois Regen+ Int+2} melds into your body.
Your +0 pair of boots of rampaging melds into your body.
The +1 plate armour "Qatuze" {Will- Regen+ Int+2 Slay+6} melds into your body.
You no longer feel able to rampage towards enemies.
Your roots penetrate the ground.
The salamander mystic points at you and mumbles some strange words.
The lance of force hits you!!
* * * LOW HITPOINT WARNING * * *
Press: ? - help, v - describe, . - travel
Here: a salamander mystic, wielding a +0 quarterstaff and wearing a +0 robe (heavily wounded, strong)
The floor.
You feel protected.
You slice the salamander mystic!!
The salamander mystic is severely wounded.
The salamander mystic casts a spell at you.
The bolt of magma hits you!! You partially resist.
You die...

#.#.#####....########.##.#.###.#.
#.#....#.....#...........#.#.....
#.##...##.####....##....##.##>..#
........###......##.........#####
#.R#......##.....#..[...#.......#
#..#.......####........)#.......#
#..#....#.##..#.#####...#........
#.##....#...........###.######.##
...##.###.....##♣.....###....###.
..(.###.#....<.#N.....#.......#..
...##...#.##.###......#..........
##.#....#..###....>...........##.
.#.....##....#..##.####.......#..
.#.#...#..)..#^.#.....#.#....##..
####........[####.......##...#...
...##.####......#........###.#...
....###..#.....##.......##...#...


You could see a salamander mystic (strong).

Vanquished Creatures
  Saint Roka (Orc:1)
  Gastronok (D:11)
  Nessos (Lair:5)
  The ghost of retardedninja the Blocker, a journeyman GnFi of Gozag (D:11)
  Snorg (D:11)
  An entropy weaver (Gauntlet)
  Harold (D:10)
  The ghost of Newt the Fighter, a journeyman DsGl (D:10)
  5 hydras
  4 catoblepae
  7 two-headed ogres
  2 boulder beetles
  3 centaur warriors
  The ghost of Dordric the Marksant, a journeyman FoHu of Okawaru (D:9)
  3 anacondas
  2 tengu warriors (D:15)
  2 naga warriors
  Urug (D:11)
  2 fire crabs
  A shock serpent (Snake:1)
  A sixfirhy (Gauntlet)
  3 skeletal warriors
  2 naga ritualists
  Lodul (D:12)
  2 orc knights
  A deep elf zephyrmancer (D:14)
  2 oklob plants (Lair:2)
  A lindwurm (shapeshifter) (D:15)
  2 mana vipers (Snake:1)
  A wolf spider (D:8)
  8 ugly things
  4 orc sorcerers
  2 cyclopes
  4 salamanders
  9 elephants
  A guardian serpent (Snake:2)
  3 manticores
  15 black mambas
  An ice statue (D:11)
  A gargoyle (D:13)
  5 naga magi
  2 rime drakes (Lair:5)
  9 komodo dragons
  An efreet (D:14)
  13 cane toads
  3 tengu conjurers
  4 trolls
  The ghost of Rudyous the Trooper, an amateur MiFi (D:4)
  A hornet (D:10)
  A hornet (shapeshifter) (D:14)
  5 polar bears
  A raiju (Gauntlet)
  8 dream sheep
  A dream sheep (shapeshifter) (D:9)
  12 blink frogs
  A slime creature (D:15)
  A wraith (D:13)
  5 shadows
  A vampire (D:14)
  6 spriggans (Lair:5)
  3 basilisks
  A wyvern (Lair:2)
  5 fire bats
  12 yaks
  2 steam dragons (D:8)
  A redback (Gauntlet)
  A golden eye (shapeshifter) (D:13)
  5 wargs
  Edmund (D:4)
  4 vampire mosquitoes
  12 nagas
  12 water moccasins
  3 acid dragons
  A hell hound (Volcano)
  A sky beast (D:7)
  25 orc warriors
  2 ice beasts
  2 black bears
  6 ogres
  25 wolves
  2 boggarts (Lair:5)
  9 centaurs
  A kobold brigand (D:7)
  8 bullfrogs
  2 scorpions
  A necrophage (D:4)
  3 wights (D:8)
  7 killer bees (D:10)
  4 howler monkeys
  3 electric eels
  A centaur zombie (D:8)
  A hound (D:6)
  2 jellies
  Crazy Yiuf (D:7)
  21 orc priests
  3 gnoll boudas
  3 iguanas
  Terence (D:2)
  19 orc wizards
  2 hell rats (Lair:5)
  A howler monkey zombie (D:8)
  Robin (D:3)
  6 adders
  14 gnolls
  3 white imps (D:6)
  3 ufetubi
  A worm (D:4)
  3 dart slugs
  67 orcs
  4 bats (D:3)
  8 endoplasms
  5 giant cockroaches
  14 goblins
  12 hobgoblins
  11 kobolds
  4 quokkas
  6 ball pythons
  A frilled lizard (D:3)
568 creatures vanquished.

Vanquished Creatures (collateral kills)
  A minotaur (Gauntlet)
  2 hydras
  A catoblepas (D:13)
  A centaur warrior (D:14)
  A death knight (D:14)
  A boulder beetle (D:12)
  3 two-headed ogres
  A shock serpent (Snake:2)
  4 skeletal warriors
  A glowing orange brain (D:15)
  2 orc knights
  2 ugly things (D:15)
  2 cyclopes
  A manticore (D:11)
  3 orc sorcerers
  A salamander (Volcano)
  An elephant (Lair:4)
  The ghost of porpoise the Shooter, a novice HuHu (D:4)
  7 cane toads
  A gargoyle (D:11)
  4 komodo dragons
  A rime drake (Lair:5)
  2 trolls
  A queen bee (D:10)
  2 polar bears
  3 hornets (Lair:5)
  9 blink frogs
  5 dream sheep
  2 slime creatures (D:15)
  A shadow (D:13)
  6 spriggans (Lair:5)
  A wraith (D:13)
  A fire bat (Volcano)
  12 yaks
  2 steam dragons (Gauntlet)
  2 wyverns (Lair:5)
  3 vampire mosquitoes
  2 nagas
  A warg (D:9)
  2 acid dragons (D:12)
  5 water moccasins
  11 orc warriors
  2 black bears (Lair:5)
  4 ogres
  2 boggarts (Lair:5)
  4 centaurs
  14 wolves
  4 bullfrogs
  2 wights (D:8)
  3 killer bees (D:10)
  A howler monkey (D:11)
  2 electric eels
  7 orc priests
  4 jellies (Lair:4)
  3 hell rats (Lair:5)
  4 orc wizards
  A gnoll (D:8)
  A shadow imp (D:8)
  3 ufetubi (Gauntlet)
  33 orcs
209 creatures vanquished.

Vanquished Creatures (others)
  A gnoll sergeant (D:11)
  12 knights
  5 ancestors (D:8)
  22 fungi
  43 plants
  6 withered plants (D:4)
89 creatures vanquished.

Grand Total: 866 creatures vanquished

Notes
Turn   | Place    | Note
-------+----------+-------------------------------------------
     0 | D:1      | warriortoast the Barachi Fighter began the quest for the
                  | Orb.
     0 | D:1      | Reached XP level 1. HP: 18/18 MP: 1/1
   148 | D:1      | Reached XP level 2. HP: 25/25 MP: 2/2
   259 | D:1      | Reached skill level 4 in Fighting
   664 | D:2      | Reached XP level 3. HP: 29/31 MP: 3/3
   836 | D:2      | Noticed Terence
   843 | D:2      | Killed Terence
  1019 | D:2      | Found a hide-covered altar of Uskayaw.
  1030 | D:2      | Reached XP level 4. HP: 36/38 MP: 4/4
  1167 | D:3      | Noticed Robin
  1188 | D:2      | Reached skill level 5 in Fighting
  1425 | D:3      | Killed Robin
  1807 | D:3      | Found Koohock's Antique Weapon Emporium.
  2038 | D:2      | Reached XP level 5. HP: 35/44 MP: 5/5
  2638 | D:4      | Reached skill level 6 in Fighting
  2709 | D:4      | Noticed Edmund
  2721 | D:4      | Reached XP level 6. HP: 48/52 MP: 6/6
  2762 | D:4      | Killed Edmund
  2763 | D:4      | Reached skill level 5 in Axes
  2923 | D:4      | Reached skill level 1 in Maces & Flails
  2996 | D:4      | Found Koen's CLEARANCE SALE!.
  3051 | D:4      | Found a runed translucent gate.
  3052 | D:4      | Found a runed translucent gate.
  3052 | D:4      | Found a runed translucent gate.
  3053 | D:4      | Noticed porpoise's ghost (novice HuHu)
  3053 | D:4      | Noticed Rudyous's ghost (amateur MiFi)
  3484 | D:5      | Entered Level 5 of the Dungeon
  3540 | D:5      | Reached skill level 7 in Fighting
  3540 | D:5      | Reached XP level 7. HP: 60/60 MP: 7/7
  4046 | D:5      | Found a blossoming altar of Fedhas.
  4532 | D:6      | Reached skill level 1 in Throwing
  4583 | D:6      | Found a hazy altar of Hepliaklqana.
  4611 | D:6      | Became a worshipper of Hepliaklqana the Forgotten
  4628 | D:6      | Reached skill level 8 in Fighting
  4705 | D:6      | Reached XP level 8. HP: 59/68 MP: 8/8
  5002 | D:6      | Found a hide-covered altar of Uskayaw.
  5002 | D:6      | Found an iron altar of Okawaru.
  5063 | D:6      | Identified the +2 pair of gloves "Ekluuclel" {rPois Regen+
                  | Int+2}
  5144 | D:6      | Found a staircase to the Ecumenical Temple.
  5326 | D:7      | Found a snail-covered altar of Cheibriados.
  5326 | D:7      | Found a stormy altar of Qazlal.
  5353 | D:7      | Found a bloodstained altar of Trog.
  5565 | D:7      | Reached skill level 5 in Maces & Flails
  5600 | D:7      | Reached skill level 9 in Fighting
  5997 | D:7      | Found a runed translucent door.
  5998 | D:7      | Noticed Crazy Yiuf
  6006 | D:7      | Killed Crazy Yiuf
  6167 | D:7      | Identified the +0 chain mail of the Eternal Fruit {Regen+}
  6593 | D:8      | Reached * piety under Hepliaklqana
  6874 | D:8      | Reached XP level 9. HP: 69/69 MP: 9/9
  7218 | D:8      | Reached skill level 10 in Fighting
  7218 | D:8      | Reached skill level 5 in Throwing
  7336 | D:8      | Found a glowing golden altar of the Shining One.
  7423 | D:8      | Found a staircase to the Lair.
  7537 | D:8      | Reached skill level 11 in Fighting
  7727 | D:8      | Reached ** piety under Hepliaklqana
  7728 | D:8      | Remembered your ancestor Gnaeus as a knight
  7835 | D:8      | Found a basalt altar of Yredelemnul.
  7973 | D:9      | Noticed a two-headed ogre
  7997 | D:9      | Killed a two-headed ogre
  7998 | D:9      | Reached XP level 10. HP: 80/80 MP: 10/10
  8103 | D:9      | Found a staircase to the Orcish Mines.
  8134 | D:9      | Reached skill level 12 in Fighting
  8254 | D:9      | Noticed a two-headed ogre
  8264 | D:9      | Killed a two-headed ogre
  8338 | D:9      | Found a radiant altar of Vehumet.
  8398 | D:9      | Found a runed translucent door.
  8401 | D:9      | Noticed Dordric's ghost (journeyman FoHu)
  8470 | D:9      | Reached skill level 10 in Maces & Flails
  9003 | D:4      | Killed porpoise's ghost
  9011 | D:4      | Killed Rudyous's ghost
  9012 | D:4      | Reached skill level 13 in Fighting
  9174 | D:9      | Killed Dordric's ghost
  9175 | D:9      | Reached XP level 11. HP: 88/88 MP: 11/11
  9237 | Lair:1   | Entered Level 1 of the Lair of Beasts
  9254 | Lair:1   | Noticed a wolf spider
  9261 | D:8      | Killed a wolf spider
  9289 | Lair:1   | Reached skill level 14 in Fighting
  9723 | Lair:1   | Reached *** piety under Hepliaklqana
 10196 | Lair:2   | Noticed a catoblepas
 10202 | Lair:2   | Killed a catoblepas
 10203 | Lair:2   | Reached skill level 15 in Fighting
 10442 | Lair:2   | Reached XP level 12. HP: 74/98 MP: 12/12
 10477 | Lair:2   | Reached skill level 5 in Armour
 10741 | Lair:1   | Identified a scroll of acquirement
 10741 | Lair:1   | Acquired 743 gold pieces
 11280 | Lair:2   | Found a blossoming altar of Fedhas.
 11382 | Lair:2   | Reached skill level 5 in Shields
 11594 | Lair:2   | Noticed a seven-headed hydra
 11696 | Lair:2   | Killed a seven-headed hydra
 11888 | Lair:3   | Reached **** piety under Hepliaklqana
 12443 | Lair:3   | Found a staircase to the Shoals.
 12520 | Lair:3   | Found a staircase to the Snake Pit.
 12957 | Lair:4   | Noticed a catoblepas
 12969 | Lair:4   | Killed a catoblepas
 12970 | Lair:4   | Gained mutation: You can hop long distances. [Barachi
                  | growth]
 12970 | Lair:4   | Reached XP level 13. HP: 103/103 MP: 13/13
 13147 | Lair:4   | Reached skill level 10 in Armour
 13258 | Lair:4   | Reached skill level 10 in Shields
 13700 | Lair:4   | Reached skill level 1 in Invocations
 13763 | Lair:4   | Found a staircase to the Slime Pits.
 13780 | Lair:4   | Found a viscous altar of Jiyva.
 14353 | Lair:5   | Entered Level 5 of the Lair of Beasts
 14354 | Lair:5   | Acquired 613 gold pieces
 14906 | Lair:5   | Reached XP level 14. HP: 109/111 MP: 17/17
 14920 | Lair:5   | Reached skill level 16 in Fighting
 14960 | Lair:5   | Noticed Nessos
 14961 | Lair:5   | Found a dark tunnel.
 14971 | Volcano  | Entered a volcano
 14990 | Volcano  | Reached ***** piety under Hepliaklqana
 15366 | Lair:5   | Killed Nessos
 15877 | Lair:5   | Reached skill level 5 in Invocations
 17251 | Orc:1    | Entered Level 1 of the Orcish Mines
 17410 | Orc:1    | Found a radiant altar of Vehumet.
 17498 | Orc:2    | Entered Level 2 of the Orcish Mines
 18086 | Orc:2    | Found Baacus's Weapon Emporium.
 18135 | Orc:2    | Reached skill level 17 in Fighting
 18317 | Orc:2    | Found a staircase to the Elven Halls.
 18635 | Orc:2    | Found Vaabigus's General Store.
 18660 | Orc:2    | Bought a potion of invisibility for 96 gold pieces
 18660 | Orc:2    | Bought a scroll of identify for 24 gold pieces
 18930 | Orc:2    | Noticed Saint Roka
 19523 | Orc:1    | Killed Saint Roka
 19620 | Orc:2    | Found Lyep's Antique Armour Shop.
 19623 | Orc:2    | Found Seilixou's Antique Weapon Boutique.
 19636 | Orc:2    | Bought a steaming cloak for 247 gold pieces
 19636 | Orc:2    | Identified the +1 cloak of Riuric {-Tele rPois Regen+
                  | rCorr} (You bought it in a shop on level 2 of the Orcish
                  | Mines)
 19983 | D:10     | Entered Level 10 of the Dungeon
 20046 | D:10     | Reached XP level 15. HP: 120/120 MP: 18/18
 20146 | D:10     | Found a white marble altar of Elyvilon.
 20195 | D:10     | Found a transporter.
 20199 | D:10     | Found a transporter.
 20209 | D:10     | Noticed Newt's ghost (journeyman DsGl)
 20528 | D:10     | Noticed Harold
 20541 | D:10     | Killed Harold
 20583 | D:10     | Found a shimmering blue altar of Sif Muna.
 20678 | D:10     | Found Qanurch's Antique Armour Boutique.
 20681 | D:10     | Bought a pair of warped boots for 247 gold pieces
 20681 | D:10     | Identified the +0 pair of boots of Solemn Miracles {rPois}
                  | (You bought it in a shop on level 10 of the Dungeon)
 20682 | D:10     | Bought a pair of embroidered boots for 195 gold pieces
 20686 | D:10     | Acquired a manual of Summonings
 20814 | D:10     | Killed Newt's ghost
 20815 | D:10     | Reached skill level 1 in Summonings
 20870 | D:11     | Found the +0 staff of Battle
 20926 | D:11     | Found a transporter.
 20932 | D:11     | Found a transporter.
 20938 | D:11     | Identified the +1 short sword of the Hills {flame, rElec
                  | rCorr}
 20938 | D:11     | Noticed retardedninja's ghost (journeyman GnFi)
 20939 | D:11     | Noticed Snorg
 20968 | D:11     | Killed Snorg
 20969 | D:11     | Reached skill level 1 in Spellcasting
 21072 | D:11     | Reached ****** piety under Hepliaklqana
 21291 | D:11     | Noticed Urug
 21296 | D:11     | Killed Urug
 21490 | D:11     | Noticed Gastronok
 21544 | D:11     | Killed Gastronok
 21836 | D:11     | Killed retardedninja's ghost
 22526 | D:12     | Noticed Lodul
 22534 | D:12     | Reached skill level 5 in Summonings
 22537 | D:12     | Killed Lodul
 22746 | D:13     | Found a gate leading to a gauntlet.
 22759 | Gauntlet | Entered a Gauntlet
 22759 | Gauntlet | Found a transporter.
 22765 | Gauntlet | Found a transporter.
 22787 | Gauntlet | Found a transporter.
 22788 | Gauntlet | Found a transporter.
 22796 | Gauntlet | Found a transporter.
 22799 | Gauntlet | Found a transporter.
 22800 | Gauntlet | Found a transporter.
 22810 | Gauntlet | Found a transporter.
 22811 | Gauntlet | Found a transporter.
 22812 | Gauntlet | Found a transporter.
 22820 | Gauntlet | Found a transporter.
 22823 | Gauntlet | Found a transporter.
 22824 | Gauntlet | Found a transporter.
 22832 | Gauntlet | Found a transporter.
 23177 | Gauntlet | Identified the +1 plate armour "Qatuze" {Will- Regen+ Int+2
                  | Slay+6}
 23193 | Gauntlet | Identified the +0 chain mail "Kuwkosymo" {rN+ Int+3 Dex+2}
 23788 | D:13     | Found an ancient bone altar of Kikubaaqudgha.
 24204 | D:14     | Found a gate to the Vaults.
 24208 | D:14     | Reached skill level 18 in Fighting
 24673 | D:14     | Reached XP level 16. HP: 124/128 MP: 22/22
 24759 | D:14     | Found a white marble altar of Elyvilon.
 25093 | D:15     | Entered Level 15 of the Dungeon
 25177 | D:15     | Found an iron altar of Okawaru.
 25353 | D:15     | Found a staircase to the Depths.
 26054 | Lair:2   | Reached skill level 5 in Spellcasting
 26145 | Snake:1  | Entered Level 1 of the Snake Pit
 26725 | Snake:2  | Found a runed translucent gate.
 26726 | Snake:2  | Found a runed translucent gate.
 26728 | Snake:2  | Found an opulent altar of Gozag.
 26728 | Snake:2  | Found a runed translucent gate.
 26731 | Snake:2  | Noticed browni3141's ghost (adept TrBe)
 26740 | Snake:2  | Found Idurit's Weapon Emporium.
 26750 | Snake:2  | Bought 5 javelins for 210 gold pieces
 26761 | Snake:2  | Found Qufyeps's Assorted Antiques.
 27146 | Snake:1  | Reached skill level 15 in Armour
 27275 | Snake:2  | Reached skill level 10 in Summonings
 27864 | Snake:2  | Killed from afar by a salamander mystic

Illustrated notes

Levels and vault maps discovered:
D:1:      amcnicky_arrival_flooded_fountain, layout_basic
D:2:      layout_loops_cross, basic_altar, uniq_terence
D:3:      layout_rooms, serial_shops, nicolae_lakefront_shop,
          chequers_serial_rivers_small_a, kennysheep_nondescript, uniq_robin
D:4:      layout_rooms, gammafunk_ghost_cemetery, nicolae_shop_clearance,
          uniq_edmund
D:5:      minmay_angry_zag, layout_basic, nicolae_overflow_crystal_walls
D:6:      layout_basic, mainiacjoe_overflow_brackets, minitemple,
          minmay_temple_entry_tees
D:7:      layout_basic, mainiacjoe_overflow_large_starburst,
          mainiacjoe_overflow_24_doors, uniq_crazy_yiuf_cottage
D:8:      layout_loops_ring, lemuel_zombie_altar_yredelemnul,
          nicolae_tso_swordbearing_angel, dpeg_oklobed_lair
D:9:      layout_roguey, general_overflow_altar, david_orc_1_choice,
          hellmonk_ghost_happy_afterlife
D:10:     layout_irregular_city, lemuel_crystal_altar,
          nicolae_sif_muna_little_library, gammafunk_ghost_hive, serial_shops,
          kennysheep_mini_moat, minivault_26, uniq_harold
D:11:     layout_long_grid, nzn_ghost_randoct,
          hellmonk_guarded_unrand_staff_of_battle, uniq_snorg, uniq_gastronok,
          uniq_urug
D:12:     layout_loops_corners, uniq_lodul
D:13:     layout_rooms, gauntlet_entry_generic,
          nicolae_kikubaaqudgha_miasma_corner
D:14:     layout_basic, david_vaults_1, nicolae_elyvilon_peaceful_grove
D:15:     gammafunk_enter_depths_forms, layout_basic, okawaru_trees_1
Lair:1:   layout_regular_city, nicolae_lair_run_with_the_wolves,
          lemuel_fruit_tree
Lair:2:   nzn_winding_woodlands_medium [nzn_winding_woodlands_hourglass,
          nzn_winding_woodlands_5x15_sawtooth,
          nzn_winding_woodlands_5x5_perimeter,
          nzn_winding_woodlands_5x5_default,
          nzn_winding_woodlands_center_diamonds,
          nzn_winding_woodlands_5x5_default, nzn_winding_woodlands_5x5_default,
          nzn_winding_woodlands_5x15_pockets, nzn_winding_woodlands_5x5_cross],
          layout_regular_city, hangedman_tree_tricks,
          nicolae_quartered_pool_little, grunt_megastairs_2,
          infiniplex_staircase_pool, serial_bayou_shore_b
Lair:3:   layout_gridlike, minmay_shoals_entry_centaurs,
          minmay_snake_entry_guardpost_small, serial_bayou_shore_a,
          grunt_megastairs_1
Lair:4:   layout_layer_cave, nicolae_slime_entry_field_trip,
          beast_lair_carwin_6, grunt_megastairs_4
Lair:5:   minmay_lair_end_enchanted_forest, layout_cave_pods,
          nicolae_volcano_entry_lava_flow, uniq_nessos
Snake:1:  layout_basic
Snake:2:  layout_honeycomb, ebering_ghost_gozag, serial_shops, shop, st_stairs_9
Snake:3:  nicolae_snake_nest, layout_misc_corridors, uniq_saint_roka
Orc:1:    layout_diamond_mine, basic_altar, hangedman_feature_mirror,
          minmay_orc_keep
Orc:2:    grunt_orc_community_town_hall, layout_diamond_mine,
          grunt_orc_community_big_house_1, grunt_orc_community_big_house_1,
          grunt_orc_community_house_2, grunt_orc_community_house_2,
          grunt_orc_community_house_1, grunt_orc_community_house_1

Skill      XL: |  1  2  3  4  5  6  7  8  9 10 11 12 13 14 15 16 |
---------------+-------------------------------------------------+-----
Fighting       | 4 5 6 7 8 9 11 13 15 17 18 | 18.6
Axes           | 3 4 5 6 8 9 |  9.5
Maces & Flails | 1 3 5 8 10 12 13 | 13.5
Throwing       | 1 4 5 |  5.0
Armour         | 4 9 11 13 14 15 | 15.0
Shields        | 4 8 11 12 13 14 | 14.4
Invocations    | 4 5 |  5.0
Summonings     | 7 10 | 10.2
Spellcasting   | 4 5 |  5.0

Action                     |  1- 3 |  4- 6 |  7- 9 | 10-12 | 13-15 | 16-18 || total
---------------------------+-------+-------+-------+-------+-------+-------++-------
  Melee: War axe           |    62 |   139 |       |       |   481 |   214 ||   896
         Flail             |       |    51 |   260 |   455 |   646 |     4 ||  1416
  Throw: Dart              |       |     4 |    95 |    35 |    44 |       ||   178
         Boomerang         |       |       |       |     4 |    17 |    19 ||    40
 Invoke: Ancestor Life: Kn |       |       |     1 |       |       |       ||     1
         Recall Ancestor   |       |       |       |     2 |     5 |     1 ||     8
Ability: Hop               |       |     3 |     3 |     3 |    10 |     2 ||    21
  Evoke: Wand              |       |       |       |       |    13 |       ||    13
    Use: Scroll            |       |     5 |       |    24 |     3 |       ||    32
         Potion            |       |     1 |       |       |     4 |     4 ||     9
   Stab: Distracted        |       |       |       |     3 |    11 |     3 ||    17
         Invisible         |       |       |       |       |     5 |       ||     5
         Petrified         |       |       |       |       |     3 |       ||     3
 Armour: Scale mail        |    30 |   119 |    86 |       |       |       ||   235
         Chain mail        |       |       |    68 |   299 |   883 |       ||  1250
         Plate armour      |       |       |       |       |    87 |   228 ||   315
  Dodge: Dodged            |    25 |   102 |    94 |   122 |   455 |    77 ||   875
  Block: Buckler           |    11 |    55 |    55 |    91 |   433 |    59 ||   704
         Kite shield       |       |       |       |       |       |    51 ||    51

Table legend: (Time is in decaauts)
 A = Elapsed time spent in this place.
 B = Non-inter-level travel time spent in this place.
 C = Inter-level travel time spent in this place.
 D = Time resting spent in this place.
 E = Time spent auto-exploring this place.
 F = Levels seen in this place.
 G = Mean time per level.
                   A        B        C        D        E       F      G
               +--------+--------+--------+--------+--------+-----+--------+
         Total |  31615 |  29105 |   2510 |   5294 |  16362 |  27 | 1170.9 |
       Dungeon |  17335 |  15714 |   1621 |   2307 |   9799 |  15 | 1155.7 |
          Lair |   8472 |   7811 |    661 |   1909 |   3678 |   5 | 1694.4 |
     Snake Pit |   2005 |   1928 |     77 |    253 |   1363 |   3 |  668.3 |
  Orcish Mines |   2878 |   2729 |    149 |    775 |   1201 |   2 | 1439.0 |
       Volcano |    408 |    408 |      0 |     50 |    122 |   1 |  408.0 |
      Gauntlet |    514 |    514 |      0 |      0 |    197 |   1 |  514.0 |
               +--------+--------+--------+--------+--------+-----+--------+

Top non-repeatable levels by time:
  Lair:5: 2375 daAuts
  Lair:2: 1821 daAuts
     D:7: 1667 daAuts
   Orc:2: 1647 daAuts
     D:8: 1599 daAuts
  Lair:4: 1590 daAuts
     D:2: 1539 daAuts
  Lair:1: 1498 daAuts
     D:9: 1487 daAuts
    D:11: 1307 daAuts
    D:10: 1251 daAuts
   Orc:1: 1231 daAuts
  Lair:3: 1187 daAuts
     D:6: 1176 daAuts
 Snake:2: 1169 daAuts
